Map: Misty Swamp

Players

Metasapien - Winner!

  • Race: Zerg Zerg
  • League: Platinum
  • Spawn Location: 3:00

TheGodFather - Winner!

  • Race: Zerg Zerg
  • League: Diamond
  • Spawn Location: 3:00

InsaneP - Winner!

  • Race: Terran Terran
  • Spawn Location: 12:00

Giustino

  • Race: Protoss Protoss
  • Spawn Location: 9:00

NEO

  • Race: Protoss Protoss
  • Spawn Location: 12:00

petros

  • Race: Protoss Protoss
  • Spawn Location: 9:00

VOD

Have the link to the VOD?

Description

Time

  • Played on: Sept. 23, 2017, 9:46 a.m.
  • Length: 11:29
Show
View Real Time Build Order
Export as new Build Order

Metasapien Zerg - Winner!

Build Orders: Pool First 

Get SALT Encoding   

  12  0:21  Spawning Pool  
  12  0:22  Drone  
  12  0:32  Overlord  
  12  0:36  Extractor  
  12  0:39  Drone  
  12  0:44  Drone  
  12  0:49  Drone  
  14  0:55  Drone  
  15  1:06  Drone  
  16  1:24  Hatchery  
  15  1:31  Drone  
  15  1:32  Drone  
  17  1:39  Drone  
  18  1:54  Drone  
  19  2:06  Hatchery  
  19  2:07  Drone  
  19  2:18  Drone  
  19  2:22  Overlord  
  20  2:34  Overlord  
  20  2:36  Queen  
  22  2:40  Drone  
  23  2:49  Queen  
  25  3:00  Drone x2  
  27  3:07  Metabolic Boost  
  27  3:11  Overlord  
  27  3:15  Drone  
  28  3:22  Drone  
  29  3:28  Queen  
  29  3:30  Drone x2  
  29  3:32  Drone  
  34  3:47  Drone  
  35  3:53  Drone x5  
  35  3:54  Drone  
  42  3:55  Drone x2  
  42  3:59  Drone  
  44  4:08  Drone  
  45  4:12  Extractor  
  45  4:13  Drone, Extractor  
  45  4:14  Overlord  
  45  4:15  Overlord  
  45  4:16  Zergling x2  
  46  4:17  Zergling x6  
  46  4:23  Zergling x8  
  52  4:31  Drone  
  53  4:36  Drone x3  
  56  4:41  Drone  
  56  4:45  Drone x4  
  61  4:47  Overlord x2  
  57  5:06  Drone  
  58  5:09  Drone x2  
  58  5:11  Extractor  
  58  5:12  Drone x3  
  58  5:13  Extractor  
  58  5:14  Roach Warren, Zergling x10  
  65  5:25  Lair  
  65  5:26  Drone  
  65  5:27  Spine Crawler  
  65  5:29  Spine Crawler  
  65  5:30  Spine Crawler  
  65  5:32  Zergling x8  
  65  5:33  Zergling x8  
  69  5:55  Drone x3  
  73  5:57  Drone x3  
  73  5:59  Drone  
  73  6:01  Drone x2  
  73  6:03  Drone x2  
  80  6:13  Roach x3  
  86  6:27  Roach x2  
  86  6:30  Overlord x2  
  86  6:32  Overlord x2  
  90  6:33  Overlord  
  90  6:38  Pneumatized Carapace  
  90  6:42  Hydralisk Den  
  90  6:43  Drone  
  90  6:45  Extractor  
  87  7:07  Roach x4  
  87  7:08  Roach x4  
  99  7:09  Glial Reconstitution, Roach  
  99  7:14  Muscular Augments, Hydralisk  
  99  7:15  Hydralisk x5  
  103  7:16  Hydralisk x3  
  117  7:23  Spore Crawler  
  117  7:29  Spore Crawler  
  110  7:32  Spore Crawler  
  107  7:37  Hydralisk x5  
  107  7:38  Hydralisk x2  
  107  7:39  Overlord  
  121  7:55  Drone x3, Evolution Chamber  
  123  7:59  Evolution Chamber  
  120  8:15  Hydralisk x3  
  120  8:16  Hydralisk x6  
  120  8:18  Overlord x3  
  134  8:32  Overlord x4  
  134  8:41  Overseer  
  134  8:42  Overseer  
  134  8:43  Hydralisk x3  
  134  8:44  Roach x2  
  144  9:01  Nydus Network  
  143  9:12  Zergling x6  
  143  9:13  Zergling x12  
  152  9:25  Tunneling Claws  
  152  9:27  Burrow, Infestation Pit  
  152  9:28  Hatchery  
  152  9:30  Zerg Missile Weapons Level 1  
  150  9:31  Zerg Ground Armor Level 1  
  150  9:46  Roach x3, Hydralisk x3  
  150  9:47  Roach x3  
  150  9:51  Queen x2  
  172  10:04  Ravager x2  
  172  10:05  Ravager  
  116  10:58  Hydralisk x4  
  116  10:59  Roach x4, Hydralisk x5  
  116  11:00  Roach x5  
  152  11:10  Drone x3  
Show
View Real Time Build Order
Export as new Build Order

TheGodFather Zerg - Winner!

Build Orders: 3 Hatch before Pool, Lurkers 

Get SALT Encoding   

  12  0:19  Drone  
  13  0:24  Overlord  
  13  0:33  Drone  
  14  0:44  Drone x2  
  16  0:52  Drone  
  17  1:12  Hatchery  
  16  1:24  Hatchery  
  15  1:28  Drone x2  
  17  1:37  Extractor  
  16  1:41  Drone  
  17  1:49  Spawning Pool  
  16  1:56  Drone  
  16  1:57  Drone  
  18  2:05  Drone  
  19  2:18  Overlord  
  19  2:36  Drone  
  19  2:37  Drone x2  
  22  2:38  Queen  
  22  2:39  Metabolic Boost  
  24  2:52  Drone x3  
  24  2:53  Drone x2  
  29  3:00  Baneling Nest  
  28  3:06  Queen  
  30  3:23  Drone x5  
  35  3:30  Queen  
  37  3:39  Overlord x2  
  37  3:49  Zergling x2  
  37  3:50  Zergling x8  
  42  3:56  Spore Crawler  
  42  4:00  Spore Crawler  
  40  4:04  Zergling x2  
  40  4:05  Zergling x10  
  46  4:30  Zergling x20  
  56  4:31  Lair  
  56  4:35  Extractor  
  56  4:37  Overlord  
  53  4:55  Zergling x12  
  53  4:56  Zergling x4  
  56  5:16  Baneling x6  
  56  5:17  Baneling x4  
  53  5:35  Zergling x2  
  53  5:36  Zergling x14  
  53  5:40  Hydralisk Den  
  53  5:42  Queen  
  57  5:52  Drone  
  57  5:55  Evolution Chamber  
  57  5:57  Evolution Chamber  
  57  6:00  Drone  
  57  6:01  Drone  
  57  6:02  Overlord x2  
  58  6:10  Muscular Augments  
  57  6:15  Drone  
  58  6:23  Drone x2  
  58  6:24  Drone x3  
  63  6:26  Zerg Missile Weapons Level 1  
  63  6:30  Extractor  
  63  6:32  Extractor  
  61  6:35  Drone x2  
  61  6:36  Drone  
  64  6:56  Zerg Ground Armor Level 1  
  64  6:58  Drone x5  
  64  6:59  Drone  
  70  7:06  Overlord  
  70  7:07  Overlord x2  
  58  7:39  Drone x12  
  70  7:51  Lurker Den, Infestation Pit  
  70  7:56  Centrifical Hooks  
  69  7:58  Hydralisk  
  69  7:59  Hydralisk x3  
  69  8:16  Hydralisk  
  69  8:17  Hydralisk x4  
  79  8:36  Overlord  
  79  8:37  Overlord x3  
  79  8:50  Overlord  
  79  8:51  Overlord x2  
  67  9:06  Hydralisk  
  67  9:07  Hydralisk x4  
  72  9:26  Pathogen Glands  
  72  9:29  Hatchery  
  71  9:34  Zergling x6  
  71  9:35  Zergling x2  
  75  9:42  Overseer x2  
  75  9:58  Zergling x14  
  81  10:33  Lurker x2  
  81  10:34  Lurker x4  
  87  10:36  Zergling x2  
  87  10:37  Zergling x18  
  95  10:44  Extractor  
  95  10:45  Queen  
  95  10:49  Extractor  
  92  11:02  Hydralisk x2  
  92  11:03  Hydralisk x5  
Show
View Real Time Build Order
Export as new Build Order

InsaneP Terran - Winner!

Build Orders: Cyclone Opening 

Get SALT Encoding   

  12  0:03  SCV  
  13  0:15  SCV  
  14  0:27  SCV  
  15  0:30  Supply Depot  
  15  0:37  Refinery  
  15  0:38  Refinery  
  15  0:51  SCV  
  15  0:56  Barracks  
  16  1:05  SCV  
  17  1:21  SCV  
  17  1:23  Supply Depot  
  18  1:33  SCV  
  19  1:46  Barracks Reactor  
  19  1:47  Factory  
  19  1:52  SCV  
  20  2:05  SCV  
  21  2:20  Factory  
  21  2:21  SCV  
  22  2:40  Cyclone  
  22  2:42  Cyclone  
  28  2:54  SCV  
  30  3:10  Supply Depot  
  29  3:32  Cyclone  
  29  3:33  Factory Tech Lab  
  32  3:35  Cyclone  
  35  3:41  Engineering Bay  
  35  3:52  Orbital Command  
  35  3:56  Siege Tank  
  38  4:34  Missile Turret  
  38  4:35  Building Armor  
  38  4:38  Missile Turret  
  38  5:29  Marine  
  38  5:47  Marine  
  38  5:58  Supply Depot  
  38  5:59  Supply Depot  
  38  6:17  Command Center  
  38  6:19  Widow Mine  
  38  6:20  Hellion x2, Command Center  
  44  6:37  Missile Turret  
  44  6:40  Widow Mine  
  46  6:49  Marine  
  46  6:50  Widow Mine  
  36  7:32  Refinery  
  36  7:38  Refinery  
  36  7:49  Factory Tech Lab  
  36  7:52  SCV  
  36  7:53  SCV x2  
  39  8:00  Barracks  
  39  8:02  Barracks  
  39  8:05  SCV x2  
  41  8:09  Missile Turret  
  41  8:11  Missile Turret  
  41  8:23  SCV x2  
  41  8:24  Armory, SCV  
  44  8:35  SCV  
  44  8:36  SCV x2  
  47  8:46  Cyclone x2  
  47  8:48  SCV x2  
  55  9:11  Barracks Tech Lab, Barracks Reactor  
  55  9:12  Marine  
  55  9:13  Marine  
  57  9:30  Marine x2  
  59  9:33  Thor x2  
  71  9:39  Marine  
  71  9:42  Factory  
  72  9:48  Marine x2  
  74  9:56  Marine  
  74  9:57  SCV x2  
  78  10:06  Marine x2  
  79  10:13  SCV x2  
  81  10:16  Sensor Tower  
  81  10:21  Sensor Tower  
  81  10:25  SCV  
  82  10:34  Factory Tech Lab  
  82  10:35  Marine x3, Sensor Tower  
  85  11:08  Supply Depot x2  
  85  11:10  Supply Depot x2  
Show
View Real Time Build Order
Export as new Build Order

Giustino Protoss 

Build Orders:  

Get SALT Encoding   

  12  0:02  Probe (Chrono Boost)  
  13  0:12  Probe (Chrono Boost)  
  14  0:23  Probe (Chrono Boost)  
  14  0:26  Pylon  
  15  0:44  Probe (Chrono Boost)  
  16  1:19  Gateway  
  16  1:21  Nexus  
  16  1:23  Assimilator  
  16  1:24  Probe (Chrono Boost)  
  17  1:27  Assimilator  
  17  1:37  Forge  
  17  1:41  Probe (Chrono Boost)  
  18  1:50  Pylon  
  18  1:57  Probe (Chrono Boost)  
  19  2:03  Pylon  
  19  2:08  Probe (Chrono Boost)  
  20  2:18  Probe (Chrono Boost)  
  21  2:24  Cybernetics Core  
  21  2:33  Probe (Chrono Boost)  
  22  2:44  Probe (Chrono Boost)  
  23  2:45  Photon Cannon  
  23  2:54  Probe (Chrono Boost)  
  24  3:02  Stargate  
  24  3:05  Probe (Chrono Boost)  
  25  3:10  Photon Cannon  
  25  3:15  Probe (Chrono Boost)  
  25  3:16  Protoss Air Weapons Level 1 (Chrono Boost)  
  26  3:20  Photon Cannon  
  26  3:24  Probe (Chrono Boost)  
  27  3:35  Probe  
  28  3:45  Probe  
  29  3:49  Void Ray (Chrono Boost)  
  29  3:50  Pylon  
  33  3:58  Probe  
  34  4:10  Stargate  
  34  4:14  Pylon  
  34  4:22  Probe  
  34  4:23  Assimilator  
  35  4:27  Assimilator  
  35  4:28  Void Ray (Chrono Boost)  
  39  4:34  Probe  
  40  4:46  Probe  
  41  4:58  Probe  
  42  5:06  Void Ray (Chrono Boost)  
  46  5:13  Void Ray (Chrono Boost)  
  44  5:32  Photon Cannon  
  44  5:36  Photon Cannon  
  44  5:43  Void Ray (Chrono Boost)  
  44  5:45  Probe  
  53  5:50  Void Ray (Chrono Boost)  
  53  5:57  Probe  
  53  6:01  Nexus  
  53  6:02  Probe  
  55  6:09  Pylon  
  55  6:12  Pylon  
  55  6:14  Probe  
  56  6:28  Fleet Beacon  
  56  6:29  Void Ray (Chrono Boost)  
  60  6:39  Probe  
  61  6:51  Probe  
  62  7:03  Probe  
  50  7:24  Void Ray x2 (Chrono Boost)  
  50  7:28  Probe  
  57  7:30  Probe  
  58  7:38  Probe  
  58  7:41  Pylon  
  58  7:42  Probe  
  60  7:54  Probe  
  61  8:01  Void Ray (Chrono Boost)  
  65  8:06  Probe  
  66  8:19  Probe  
  63  8:31  Probe  
  56  9:13  Carrier (Chrono Boost)  
  45  9:58  Pylon  
Show
View Real Time Build Order
Export as new Build Order

NEO Protoss 

Build Orders:  

Get SALT Encoding   

  12  0:02  Probe (Chrono Boost)  
  14  0:16  Probe (Chrono Boost)  
  14  0:19  Pylon  
  14  0:26  Probe (Chrono Boost)  
  15  0:37  Probe (Chrono Boost)  
  15  0:40  Gateway  
  16  0:49  Probe (Chrono Boost)  
  17  0:59  Gateway  
  18  1:04  Probe (Chrono Boost)  
  18  1:07  Pylon  
  18  1:12  Assimilator  
  18  1:14  Probe (Chrono Boost)  
  19  1:22  Assimilator  
  19  1:27  Zealot (Chrono Boost)  
  21  1:33  Pylon  
  21  1:38  Probe  
  22  1:46  Gateway  
  24  1:56  Zealot (Chrono Boost)  
  24  2:00  Probe  
  25  2:09  Pylon  
  27  2:23  Zealot (Chrono Boost)  
  27  2:30  Cybernetics Core  
  29  2:39  Zealot x2 (Chrono Boost)  
  31  2:56  Pylon  
  31  3:02  Probe  
  32  3:15  Mothership Core  
  34  3:22  Stalker x2 (Chrono Boost)  
  34  3:23  Stalker (Chrono Boost)  
  40  3:28  Pylon  
  40  4:06  Nexus  
  40  4:16  Probe, Stalker (Chrono Boost)  
  43  4:22  Forge  
  43  4:29  Stalker (Chrono Boost)  
  45  4:42  Probe (Chrono Boost)  
  46  4:57  Zealot (Chrono Boost)  
  48  5:01  Zealot (Chrono Boost)  
  46  5:19  Stalker (Chrono Boost)  
  46  5:21  Stalker (Chrono Boost)  
  48  5:40  Stalker (Chrono Boost)  
  39  5:47  Stalker (Chrono Boost)  
  39  5:49  Stalker (Chrono Boost)  
  39  6:10  Stalker (Chrono Boost)  
  41  6:13  Stalker (Chrono Boost)  
  45  6:19  Stalker (Chrono Boost)  
  45  6:43  Probe  
  46  6:49  Photon Cannon  
  46  6:50  Stalker x2 (Chrono Boost)  
  46  6:51  Stalker (Chrono Boost)  
  52  7:06  Probe x2 (Chrono Boost)  
  54  7:17  Probe (Chrono Boost)  
  54  7:18  Probe (Chrono Boost)  
  56  7:29  Pylon  
  56  7:37  Stalker x3  
  62  7:47  Assimilator  
  62  7:49  Assimilator  
  62  7:50  Probe x2 (Chrono Boost)  
  64  8:07  Stalker (Chrono Boost)  
  66  8:13  Warp Gate (Chrono Boost)  
  66  8:20  Twilight Council  
  66  8:28  Photon Cannon  
  66  8:29  Pylon  
  66  8:34  Probe, Nexus  
  66  8:35  Probe  
  68  8:51  Stargate  
  68  8:56  Probe  
  68  8:58  Probe (Chrono Boost)  
  70  9:08  Probe (Chrono Boost)  
  71  9:22  Pylon  
  71  9:32  Stargate  
  71  9:37  Pylon  
  71  9:38  Pylon  
  71  9:41  Stargate  
  71  9:47  Void Ray (Chrono Boost)  
  71  9:52  Adept x2 (Chrono Boost)  
  79  9:59  Pylon  
  80  10:00  Probe x2 (Chrono Boost)  
  80  10:02  Probe (Chrono Boost)  
  82  10:11  Probe (Chrono Boost)  
  83  10:33  Stalker x3  
  62  11:10  Photon Cannon  
  56  11:14  Robotics Facility  
Show
View Real Time Build Order
Export as new Build Order

petros Protoss 

Build Orders:  

Get SALT Encoding   

  12  0:01  Probe (Chrono Boost)  
  13  0:12  Probe (Chrono Boost)  
  14  0:20  Pylon  
  14  0:23  Probe (Chrono Boost)  
  15  0:38  Probe (Chrono Boost)  
  15  0:41  Gateway  
  16  0:48  Probe (Chrono Boost)  
  17  0:59  Probe (Chrono Boost)  
  17  1:02  Assimilator  
  18  1:07  Assimilator  
  18  1:09  Probe (Chrono Boost)  
  19  1:20  Probe (Chrono Boost)  
  19  1:24  Pylon  
  20  1:30  Gateway  
  20  1:39  Probe (Chrono Boost)  
  21  1:49  Probe (Chrono Boost)  
  21  1:53  Zealot (Chrono Boost)  
  24  2:10  Pylon  
  24  2:18  Zealot (Chrono Boost)  
  24  2:21  Zealot (Chrono Boost)  
  28  2:32  Forge  
  28  2:42  Zealot (Chrono Boost)  
  30  2:48  Zealot (Chrono Boost)  
  32  3:00  Pylon  
  32  3:04  Pylon  
  34  3:05  Zealot (Chrono Boost)  
  36  3:15  Zealot (Chrono Boost)  
  36  3:29  Zealot (Chrono Boost)  
  40  3:41  Zealot (Chrono Boost)  
  40  3:52  Zealot (Chrono Boost)  
  42  3:57  Protoss Shields Level 1 (Chrono Boost)  
  42  4:05  Zealot  
  44  4:18  Zealot  
  46  4:30  Cybernetics Core  
  46  4:32  Zealot  
  48  4:45  Zealot  
  25  5:30  Stalker  
  25  5:31  Stalker  
  25  5:33  Probe  
  30  5:39  Protoss Ground Weapons Level 1 (Chrono Boost)  
  30  5:45  Probe  
  31  5:57  Probe  
  31  6:00  Stalker  
  31  6:01  Stalker  
  36  6:05  Twilight Council  
  36  6:09  Probe  
  37  6:22  Probe  
  38  6:34  Probe  
  39  6:46  Probe  
  40  6:58  Probe  
  41  7:10  Probe  
  42  7:22  Probe  
  39  7:34  Probe  
  40  7:46  Probe  
  40  7:50  Nexus  
  41  7:52  Pylon  
  41  7:58  Probe  
  41  8:00  Stalker  
  44  8:10  Probe  
  45  8:23  Probe  
  22  9:17  Probe  
  23  9:28  Probe, Robotics Facility  
  24  9:32  Templar Archives  
  22  9:38  Probe  
  22  9:41  Gateway  
  22  9:43  Gateway  
  23  9:46  Pylon  
  23  9:49  Probe  
  23  9:51  Pylon  
  24  9:53  Pylon  
  24  9:59  Probe  
  24  10:02  Probe  
  26  10:14  Probe  
  26  10:20  Zealot  
  26  10:21  Zealot  
  31  10:26  Probe  
  32  10:38  Probe  
  31  10:47  Zealot  
  39  10:50  Probe  
Tags
 
Add a new tag
Caveats
  • Supply blocks, unpowered buildings, or Contaminate may cause inaccurate times.
  • Supply counts are checked every 10 seconds.